Map: King's Cove LE

Players

kasm - Winner!

  • Race: Terran Terran
  • League: Diamond
  • Spawn Location: 5:00

PeLLy

  • Race: Zerg Zerg
  • League: Diamond
  • Spawn Location: 11:00

VOD

Have the link to the VOD?

Description

Time

  • Played on: Aug. 16, 2019, 1:12 p.m.
  • Length: 18:23
Show
View Real Time Build Order
Export as new Build Order

kasm Terran - Winner!

Build Orders: Gas First Reaper Expand, Mech 

Get SALT Encoding   

  12  0:01  SCV  
  13  0:13  SCV  
  14  0:18  Supply Depot  
  14  0:26  Refinery  
  14  0:29  SCV  
  15  0:41  SCV  
  16  0:47  Barracks  
  16  0:53  SCV  
  17  1:08  SCV  
  18  1:21  SCV  
  19  1:34  Reaper  
  19  1:36  Orbital Command  
  20  1:49  Command Center  
  20  2:01  Factory  
  20  2:08  Refinery  
  20  2:11  Barracks Tech Lab  
  20  2:20  SCV  
  21  2:24  Bunker  
  21  2:27  Supply Depot  
  21  2:28  Barracks Tech Lab  
  21  2:29  Barracks Reactor  
  21  2:32  SCV  
  22  2:44  SCV  
  23  2:56  SCV  
  24  2:59  Starport  
  24  3:08  SCV  
  25  3:18  Orbital Command  
  24  3:27  SCV  
  25  3:39  SCV, Hellion x2  
  30  3:43  Viking  
  30  3:48  Fusion Core  
  32  3:51  SCV  
  33  4:03  SCV  
  33  4:09  Hellion x2  
  38  4:13  Starport Tech Lab  
  38  4:15  SCV  
  39  4:19  SCV, Factory  
  39  4:20  Factory  
  40  4:27  SCV, Supply Depot  
  40  4:31  SCV  
  42  4:39  SCV  
  42  4:43  SCV  
  44  4:48  Supply Depot  
  44  4:50  Hellion x2  
  44  4:51  SCV  
  49  5:01  SCV  
  49  5:06  SCV  
  51  5:20  Battlecruiser  
  57  5:21  SCV, Command Center  
  57  5:22  SCV  
  57  5:24  Refinery  
  57  5:25  Refinery  
  57  5:26  Widow Mine  
  61  5:33  Factory Tech Lab x2  
  61  5:34  SCV  
  62  5:49  SCV x2  
  62  6:20  Command Center  
  62  6:26  Supply Depot  
  62  6:29  Supply Depot  
  62  6:31  Supply Depot  
  62  6:33  Siege Tank x2  
  68  7:03  SCV  
  68  7:05  Siege Tank x2  
  68  7:07  Weapon Refit  
  75  7:33  SCV  
  76  7:45  SCV  
  77  8:13  Battlecruiser  
  77  8:15  Siege Tank x2  
  77  8:19  Engineering Bay  
  89  8:21  Orbital Command  
  89  8:25  SCV  
  89  8:26  Orbital Command  
  90  8:28  SCV  
  91  8:38  SCV  
  91  8:40  SCV  
  93  8:42  Armory  
  93  8:44  Armory  
  93  8:46  Missile Turret  
  93  8:47  Siege Tank  
  96  8:48  Missile Turret  
  96  8:49  Missile Turret  
  96  8:51  Sensor Tower  
  96  8:52  Missile Turret, SCV  
  97  8:55  Sensor Tower  
  97  8:58  Siege Tank  
  97  8:59  Missile Turret  
  97  9:00  SCV  
  97  9:01  Refinery  
  102  9:02  SCV  
  102  9:03  Refinery, SCV  
  103  9:11  SCV  
  103  9:12  SCV  
  103  9:14  SCV  
  103  9:15  SCV  
  107  9:23  SCV  
  109  9:24  SCV  
  109  9:29  SCV  
  110  9:33  SCV  
  110  9:35  SCV  
  112  9:40  SCV  
  112  9:41  SCV  
  114  10:01  Orbital Command  
  114  10:06  Hellion x2  
  113  10:24  Thor  
  113  10:25  Thor  
  113  10:26  Supply Depot  
  113  10:27  Hellion x2  
  113  10:28  Supply Depot  
  120  10:49  Hellion x2  
  124  10:50  Supply Depot  
  124  10:51  Supply Depot  
  124  11:08  Hellion x2  
  124  11:10  Hellion x2  
  132  11:13  Supply Depot  
  118  11:29  Hellion x2  
  118  11:31  Hellion x2  
  109  11:45  SCV x2  
  108  11:47  SCV  
  108  11:50  Hellion  
  108  11:51  Hellbat  
  108  11:53  Hellion x2  
  117  11:55  Missile Turret  
  117  11:58  Infernal Pre-Igniter  
  117  11:59  Smart Servos  
  117  12:12  Hellion x2  
  117  12:14  Hellion x2  
  125  12:24  Terran Vehicle Weapons Level 1, Terran Vehicle And Ship Armor Level 1  
  125  12:33  Hellion  
  125  12:34  Hellion  
  125  12:35  Hellion  
  125  12:36  Hellion  
  133  12:43  Factory  
  133  12:45  SCV, Factory  
  133  12:47  Factory  
  133  12:50  Factory  
  134  12:54  Sensor Tower  
  134  12:55  Hellion x2  
  134  12:57  Hellion x2  
  142  12:59  Command Center  
  142  13:09  Armory  
  142  13:16  Hellion x2  
  142  13:18  Hellion  
  148  13:28  Factory Tech Lab  
  148  13:29  Factory Tech Lab  
  148  13:37  Thor x2, Factory Tech Lab  
  160  13:47  Missile Turret  
  160  13:51  Missile Turret  
  158  14:06  Thor x2  
  170  14:17  Factory Tech Lab  
  170  14:20  SCV, Siege Tank, Thor, Hellion  
  182  14:41  Hellion  
  184  14:49  Siege Tank  
  187  14:53  Planetary Fortress  
  187  14:54  Sensor Tower  
  187  15:05  Supply Depot  
  187  15:07  Supply Depot  
  187  15:09  Supply Depot  
  187  15:11  Supply Depot  
  187  15:14  Supply Depot  
  187  15:17  Supply Depot  
  187  15:27  SCV x2, Siege Tank x2  
  195  15:29  SCV, Siege Tank, Hellion  
  195  15:30  Supply Depot  
  195  15:31  SCV  
  200  15:36  Supply Depot  
  200  15:38  Supply Depot  
  200  15:42  Refinery  
  200  15:46  Refinery  
  198  16:21  Siege Tank  
  159  16:48  Hellion x4  
  159  16:49  Hellion  
  159  16:54  Hellion  
  157  17:09  Hellion  
  157  17:10  Hellion x4  
  157  17:15  Hellion  
  163  17:31  Hellion x5  
  163  17:36  Hellion  
  167  17:52  Hellion x3  
  167  17:53  Hellion x2  
  167  17:58  Hellion  
Show
View Real Time Build Order
Export as new Build Order

PeLLy Zerg 

Build Orders: Hatch First, Swarm Host 

Get SALT Encoding   

  12  0:00  Drone  
  13  0:13  Overlord  
  13  0:20  Drone  
  14  0:32  Drone x2  
  16  0:39  Drone  
  17  0:55  Hatchery  
  16  0:58  Drone  
  17  1:12  Spawning Pool  
  17  1:15  Drone  
  17  1:22  Extractor, Drone  
  17  1:28  Drone x2  
  19  1:39  Overlord  
  19  1:52  Drone  
  20  2:01  Drone  
  21  2:08  Queen x2  
  23  2:09  Zergling x2  
  23  2:12  Zergling x2  
  27  2:18  Drone  
  28  2:27  Zergling x2  
  29  2:31  Metabolic Boost  
  29  2:34  Zergling x4  
  31  2:41  Overlord  
  31  2:43  Drone  
  32  3:03  Hatchery  
  29  3:28  Drone x4  
  29  3:29  Drone x8  
  41  3:40  Queen  
  43  3:55  Drone  
  43  4:14  Drone  
  43  4:15  Overlord x3  
  45  4:17  Drone  
  45  4:20  Lair  
  45  4:26  Evolution Chamber  
  45  4:27  Evolution Chamber  
  45  4:30  Roach Warren  
  42  4:33  Extractor x2  
  40  4:41  Queen x2  
  40  4:43  Drone  
  40  4:44  Drone x8  
  53  4:59  Spine Crawler  
  52  5:04  Drone x3, Spine Crawler  
  52  5:05  Drone x3  
  57  5:09  Zerg Missile Weapons Level 1  
  57  5:14  Roach x2  
  57  5:17  Overlord  
  61  5:28  Drone x5  
  66  5:30  Overlord  
  66  5:41  Roach x4  
  74  5:43  Overlord  
  74  5:48  Zerg Melee Weapons Level 1  
  74  5:49  Glial Reconstitution  
  74  5:51  Roach  
  77  6:11  Drone x6  
  77  6:13  Overlord x3  
  77  6:17  Extractor x2  
  80  6:20  Nydus Network  
  80  6:23  Drone x2  
  80  6:24  Infestation Pit  
  80  6:31  Spore Crawler  
  79  6:34  Spore Crawler  
  79  6:35  Spore Crawler  
  76  6:42  Hydralisk Den  
  69  6:59  Roach  
  69  7:00  Roach x15  
  98  7:04  Drone  
  98  7:05  Drone x2  
  101  7:13  Grooved Spines  
  99  7:29  Overlord x2  
  98  7:30  Overlord x3  
  98  7:34  Ravager  
  98  7:42  Overlord x2  
  98  7:43  Queen  
  98  7:47  Queen x2  
  93  8:09  Drone x8  
  93  8:10  Drone  
  102  8:18  Drone x3  
  105  8:47  Swarm Host x12  
  141  8:49  Swarm Host  
  144  9:00  Extractor  
  143  9:09  Drone x3  
  146  9:22  Hatchery  
  145  9:29  Nydus Canal  
  145  9:43  Overlord x4  
  145  10:01  Queen x3  
  151  10:17  Hydralisk x3  
  151  10:18  Hydralisk x10  
  172  10:36  Queen x2  
  146  10:59  Roach  
  146  11:00  Roach x12  
  172  11:05  Muscular Augments  
  172  11:22  Overlord x4  
  158  11:34  Roach  
  158  11:35  Roach x3  
  154  11:45  Overlord x2  
  154  11:52  Hydralisk x10  
  174  11:59  Hatchery  
  174  12:00  Hatchery  
  172  12:08  Ravager  
  173  12:09  Ravager x2  
  173  12:10  Ravager x2  
  177  12:21  Zergling x14  
  181  12:31  Drone x7  
  181  12:32  Drone  
  189  12:58  Extractor x2  
  187  12:59  Spire  
  187  13:00  Hive  
  187  13:02  Zerg Missile Weapons Level 2  
  186  13:31  Nydus Canal  
  186  13:35  Drone x7  
  193  13:44  Hydralisk x3  
  199  14:27  Extractor  
  198  14:32  Extractor  
  198  14:37  Drone x3  
  200  14:39  Overlord x2  
  200  14:40  Overlord  
  200  14:42  Greater Spire  
  199  14:55  Baneling Nest  
  199  14:58  Spore Crawler  
  199  14:59  Spire, Spore Crawler  
  195  15:00  Spore Crawler  
  195  15:01  Spore Crawler x2  
  195  15:04  Nydus Canal  
  192  15:18  Zerg Melee Weapons Level 2  
  192  15:25  Pneumatized Carapace  
  192  15:42  Nydus Canal  
  192  15:55  Zerg Flyer Weapons Level 1  
  192  16:19  Corruptor x3  
  192  16:23  Baneling x12  
  192  16:24  Baneling  
  188  16:42  Corruptor x4  
  188  16:43  Corruptor x8  
  128  16:58  Corruptor x11  
  128  16:59  Corruptor x7  
  128  17:01  Brood Lord x2  
  153  17:03  Overlord  
  154  17:15  Brood Lord  
  154  17:16  Brood Lord  
  154  17:17  Brood Lord  
  154  17:28  Hatchery  
  120  17:50  Brood Lord x2  
Tags
 
Add a new tag
Caveats
  • Supply blocks, unpowered buildings, or Contaminate may cause inaccurate times.
  • Supply counts are checked every 10 seconds.